cohdb
Replays
Latest Replays
All Replays
Popular Replays
Top Player Replays
Match Explorer
How It Works
Community
CoH3 Stats
Reddit
Sign in to upload your games and track your stats! →
Sign in with Steam
Match 42218327
Unlisted
Match 42218327
Overview
Messages
Build Orders
End
Royal Engineer Section
Construct Section Command Post
Selects Canadian Shock Battlegroup
Infantry Section
Vickers Machine Gun Team
Infantry Section
Grenade Package
Infantry Section
Selects Attacking Spirit
Selects Canadian Shock Section
Construct Platoon Command Post
Selects Incendiary Munitions
ML 3-inch Mortar Team
Humber Armored Car
Selects Pyrotechnics
Canadian Shock Section
Infantry Training
6-pounder Anti-tank Gun Team
Vickers Machine Gun Team
Bootyquake
Vengeful One
0
0
Comments
sign in to comment!
No comments posted yet!